Map: Sogno eterno LE

Players

BeerKiller

  • Race: Terran Terran
  • League: Platinum
  • Spawn Location: 1:00

ESCANOR - Winner!

  • Race: Protoss Protoss
  • League: Platinum
  • Spawn Location: 7:00

VOD

Have the link to the VOD?

Description

Time

  • Played on: March 20, 2020, 1:10 p.m.
  • Length: 12:57
Show
View Real Time Build Order
Export as new Build Order

BeerKiller Terran 

Build Orders:  

Get SALT Encoding   

  12  0:01  SCV  
  13  0:13  SCV  
  14  0:17  Supply Depot  
  14  0:25  SCV  
  15  0:30  Refinery  
  15  0:38  SCV  
  16  0:46  Barracks  
  16  0:52  SCV  
  17  1:04  SCV  
  18  1:16  SCV  
  19  1:28  SCV  
  20  1:35  Reaper  
  21  1:40  Orbital Command  
  21  1:52  Command Center  
  21  2:01  Supply Depot  
  21  2:06  SCV  
  22  2:17  Barracks Reactor  
  22  2:19  Factory  
  22  2:25  SCV  
  22  2:29  Refinery  
  23  2:37  SCV  
  24  2:49  SCV  
  25  3:05  Marine x2  
  25  3:07  Orbital Command  
  27  3:17  Bunker  
  27  3:19  Factory Tech Lab  
  27  3:23  SCV  
  27  3:24  Starport  
  28  3:33  Marine x2  
  30  3:35  SCV x2  
  32  3:42  Siege Tank  
  32  3:46  Supply Depot  
  32  3:47  SCV  
  32  3:48  SCV  
  37  3:52  Engineering Bay  
  37  3:59  SCV  
  37  4:00  SCV  
  39  4:03  Medivac  
  39  4:06  Marine x2  
  43  4:10  Armory  
  43  4:12  SCV x2  
  45  4:20  Widow Mine  
  45  4:24  SCV x2  
  49  4:29  Barracks  
  49  4:36  SCV x2, Supply Depot  
  53  4:47  Liberator  
  54  4:57  Marine x2  
  54  4:58  SCV x2, Supply Depot, Widow Mine  
  60  5:04  Terran Infantry Weapons Level 1  
  60  5:10  SCV x2  
  60  5:13  Refinery  
  62  5:14  Refinery  
  62  5:19  Marine x2  
  62  5:20  Widow Mine  
  66  5:21  Barracks Tech Lab  
  66  5:22  SCV x2  
  67  5:34  SCV x2  
  69  5:37  Supply Depot  
  69  5:38  Supply Depot  
  69  5:41  Stimpack  
  69  5:43  Marine  
  69  5:44  Command Center  
  70  5:58  Marine  
  70  5:59  Marauder, Widow Mine  
  70  6:03  SCV x2  
  77  6:04  Marine  
  77  6:07  Starport Tech Lab  
  78  6:13  Starport  
  78  6:15  SCV  
  78  6:16  SCV  
  80  6:24  Supply Depot  
  80  6:27  SCV, Supply Depot x2  
  80  6:28  SCV  
  79  7:09  Marauder, Marine x2  
  79  7:11  Widow Mine  
  79  7:12  Starport Reactor  
  85  7:16  Orbital Command  
  85  7:17  SCV x2  
  87  7:25  Liberator  
  87  7:28  Terran Infantry Armor Level 1  
  87  7:29  SCV x2  
  92  7:35  Engineering Bay  
  92  7:38  Combat Shield  
  92  7:53  Barracks  
  92  7:54  Barracks x4  
  92  7:57  Orbital Command  
  92  8:00  Barracks  
  92  8:04  Liberator x2  
  98  8:15  Marine x2  
  98  8:16  Marauder  
  102  8:25  Terran Infantry Weapons Level 2  
  102  8:28  Terran Ship Weapons Level 1  
  103  8:34  SCV x2  
  104  8:44  Barracks Reactor  
  104  8:46  Barracks Reactor, SCV x2, Barracks Tech Lab x3  
  104  8:47  Barracks Tech Lab  
  106  8:51  SCV  
  107  8:57  Concussive Shells  
  107  8:58  SCV x2  
  109  9:03  SCV  
  110  9:10  SCV x2  
  110  9:14  Marauder x5  
  110  9:15  Refinery  
  110  9:16  SCV  
  123  9:19  Refinery  
  123  9:35  Raven  
  125  9:59  SCV  
  125  10:00  SCV x2, Medivac  
  120  10:12  SCV  
  108  10:15  Marauder  
  108  10:16  Marauder x4, Marine x3  
  108  10:17  Marine x3  
  112  10:31  Medivac x3  
  112  10:34  SCV x3, Marine x3  
  124  10:45  Command Center  
  124  10:46  SCV  
  124  10:49  Command Center  
  125  10:55  Supply Depot  
  125  10:58  Supply Depot  
  125  10:59  Supply Depot  
  125  11:00  Supply Depot  
  125  11:02  SCV x2, Marauder, Marine x5  
  125  11:03  SCV, Marauder x3  
  141  11:09  Supply Depot  
  141  11:11  Supply Depot  
  141  11:17  Marauder  
  143  11:22  Marine x6  
  143  11:24  Marauder x3  
  151  11:38  Refinery  
  151  11:39  Marauder  
  134  11:52  Marauder x4, Marine x3  
  134  11:53  Marine x3  
  148  11:58  Liberator x3  
  148  12:00  Marauder  
  154  12:10  Marine x2  
  154  12:13  Marauder x3  
  162  12:17  Marauder  
  162  12:19  Marine x4  
  162  12:21  Marauder  
  170  12:28  Marine  
  171  12:34  Marauder  
  171  12:35  Marauder x2  
  177  12:37  Refinery  
  177  12:38  Refinery  
Show
View Real Time Build Order
Export as new Build Order

ESCANOR Protoss - Winner!

Build Orders: 1 Gate Expand, Double Forge, Colossus Rush 

Get SALT Encoding   

  12  0:01  Probe  
  13  0:13  Probe  
  14  0:20  Pylon  
  14  0:25  Probe  
  15  0:38  Probe (Chrono Boost)  
  15  0:39  Gateway  
  16  0:48  Assimilator  
  16  0:49  Probe (Chrono Boost)  
  17  0:54  Probe (Chrono Boost)  
  18  1:05  Probe  
  19  1:24  Nexus  
  19  1:37  Cybernetics Core  
  19  1:41  Assimilator  
  19  1:42  Probe  
  20  1:52  Pylon  
  20  1:55  Probe (Chrono Boost)  
  21  2:07  Probe (Chrono Boost)  
  22  2:15  Stalker (Chrono Boost), Gateway  
  22  2:18  Warp Gate  
  24  2:29  Robotics Facility  
  24  2:40  Probe x2  
  25  2:52  Probe x2  
  27  3:07  Stalker x2  
  27  3:08  Probe x2  
  33  3:20  Probe  
  33  3:22  Observer  
  33  3:24  Robotics Bay  
  35  3:35  Probe x2  
  37  3:46  Observer  
  37  3:48  Gateway  
  38  3:50  Gateway  
  38  3:57  Probe x2  
  40  4:09  Stalker  
  42  4:11  Forge  
  42  4:12  Stalker, Forge  
  44  4:28  Probe  
  44  4:29  Probe  
  44  4:31  Pylon  
  46  4:33  Pylon  
  46  4:45  Colossus (Chrono Boost)  
  46  4:49  Probe x2  
  54  4:55  Extended Thermal Lance  
  54  5:01  Probe x2  
  56  5:15  Assimilator, Protoss Ground Weapons Level 1 (Chrono Boost)  
  56  5:30  Probe  
  56  5:31  Probe  
  56  5:33  Nexus  
  58  5:35  Protoss Ground Armor Level 1 (Chrono Boost)  
  58  5:43  Probe x2  
  60  5:55  Probe x2  
  60  5:56  Assimilator  
  62  6:06  Twilight Council  
  62  6:11  Pylon  
  62  6:13  Pylon  
  62  6:29  Observer  
  63  6:38  Gateway  
  63  6:39  Probe x2, Gateway  
  65  6:40  Gateway  
  59  6:51  Probe x2  
  57  6:54  Probe  
  51  7:03  Probe x2  
  51  7:05  Stalker x4  
  51  7:06  Probe, Blink (Chrono Boost)  
  51  7:08  Colossus (Chrono Boost)  
  62  7:15  Probe x2  
  70  7:18  Probe  
  71  7:34  Probe x2  
  71  7:35  Probe  
  74  7:46  Probe  
  74  7:51  Probe x2  
  77  8:23  Protoss Ground Weapons Level 2 (Chrono Boost), Protoss Ground Armor Level 2 (Chrono Boost)  
  77  8:26  Colossus (Chrono Boost)  
  83  8:34  Probe  
  83  8:35  Probe x2  
  83  8:41  Assimilator  
  86  8:46  Probe, Assimilator  
  86  8:47  Probe x2  
  89  8:55  Stalker x2  
  93  9:03  Pylon  
  93  9:06  Pylon  
  93  9:08  Pylon  
  93  9:10  Robotics Facility  
  93  9:18  Colossus (Chrono Boost)  
  93  9:21  Probe x2  
  93  9:24  Probe  
  102  9:31  Stalker  
  102  9:32  Stalker x6  
  102  9:34  Probe  
  117  9:59  Probe x3  
  106  10:11  Probe  
  106  10:12  Probe  
  84  10:31  Colossus  
  84  10:32  Colossus  
  84  10:34  Stalker x4  
  84  10:35  Stalker x3  
  110  10:39  Probe  
  111  10:50  Observer  
  111  10:51  Nexus  
  111  10:52  Pylon  
  111  10:53  Pylon  
  111  11:22  Stalker x5  
  111  11:23  Stalker x2  
  112  11:48  Stalker x2  
  112  11:49  Stalker x5  
  112  11:53  Warp Prism  
  128  12:02  Pylon, Colossus  
  128  12:04  Probe x4, Pylon  
  128  12:08  Pylon  
  138  12:09  Pylon  
  138  12:11  Pylon  
  136  12:16  Probe x4  
  136  12:19  Stalker x2  
  136  12:20  Stalker x4  
  136  12:21  Stalker  
Tags
 
Add a new tag
Caveats
  • Supply blocks, unpowered buildings, or Contaminate may cause inaccurate times.
  • Supply counts are checked every 10 seconds.